 Dungeon Crawl Stone Soup version 0.32-a0-791-gfc315c9ecd (webtiles) character file.

Game seed: 13408686077525948415

3943 smashvw the Severer (level 10, -7/115 HPs)
             Began as a Minotaur Berserker on Mar 20, 2024.
             Was a High Priest of Trog.
             Mangled by Joseph
             ... wielding a +0 quarterstaff
              (8 damage)
             ... on level 8 of the Dungeon.
             The game lasted 00:19:45 (7870 turns).

smashvw the Severer (Minotaur Berserker)            Turns: 7870, Time: 00:19:46

Health: -7/115     AC:  7    Str: 25    XL:     10   Next: 1%
Magic:  9/9        EV:  9    Int:  6    God:    Trog [*****.]
Gold:   627        SH:  0    Dex:  9    Spells: 9/9 levels left

rFire   . . .        B - +0 war axe
rCold   . . .        (no shield)
rNeg    . . .        G - +0 scale mail
rPois   .            (helmet restricted)
rElec   .            l - +0 cloak
rCorr   .            (no gloves)
SInv    +            (no boots)
Will    .....        (no amulet) Stlth
                     j - ring of see invisible
HPRegen 0.39/turn    w - +4 ring of slaying
MPRegen 0.11/turn

%: no passive effects
@: berserking, very quick
A: horns 2, retaliatory headbutt
a: Renounce Religion, Berserk, Trog's Hand, Brothers in Arms


You were on level 8 of the Dungeon.
You worshipped Trog.
Trog was extremely pleased with you.
You visited 1 branch of the dungeon, and saw 8 of its levels.
You also visited: Ossuary.

You collected 627 gold pieces.

Inventory:

Hand Weapons
 a - a +0 hand axe
 B - a +0 war axe (weapon)
Missiles
 f - 57 stones (quivered)
 g - 21 poisoned darts
 h - 3 javelins
 u - 8 boomerangs
 H - 2 curare-tipped darts
 K - 5 datura-tipped darts
Armour
 b - a +0 animal skin
 k - a +0 kite shield
 l - a +0 cloak (worn)
 G - a +0 scale mail (worn)
Jewellery
 j - a ring of see invisible (left hand)
 w - a +4 ring of slaying (right hand)
 x - a ring of ice
 y - a ring of protection from fire
 I - a +6 ring of intelligence
 N - a ring of ice
Talismans
 p - a maw talisman
Wands
 M - a wand of iceblast (8)
Scrolls
 c - 11 scrolls of identify {unknown}
 d - 3 scrolls of enchant weapon {unknown}
 i - 2 scrolls of butterflies {unknown}
 m - 2 scrolls of enchant armour {unknown}
 o - 2 scrolls of blinking {unknown}
 q - 3 scrolls of vulnerability {unknown}
 r - 2 scrolls of immolation {unknown}
 v - 3 scrolls of teleportation {unknown}
 D - 2 scrolls of amnesia {unknown}
 E - 3 scrolls of noise {unknown}
 J - a scroll of fear {unknown}
 L - a scroll of revelation {unknown}
Potions
 e - a potion of enlightenment {unknown}
 n - 5 potions of curing
 s - a potion of might {unknown}
 t - 2 potions of haste {unknown}
 z - 2 potions of cancellation {unknown}
 A - 2 potions of invisibility {unknown}
 C - 4 potions of heal wounds {unknown}
 F - 2 potions of degeneration {unknown}


   Skills:
 - Level 3.6 Fighting
 + Level 17.1 Axes
 - Level 2.4 Armour
 - Level 2.1 Dodging


You had 9 spell levels left.
You didn't know any spells.
Your spell library was empty.

Dungeon Overview and Level Annotations

Branches:
Dungeon (8/15)             Temple (0/1) D:4         Ossuary (visited)
   Lair: D:8-11

Altars:
Cheibriados
Dithmenos
Elyvilon
Makhleb
Qazlal
Trog
Vehumet
Xom

Shops:
D:3 (

Annotations:
D:8 Joseph


Innate Abilities, Weirdness & Mutations

You have a pair of horns on your head.
You reflexively headbutt those who attack you in melee.


Message History

The acid dragon is almost dead.
The acid dragon bites you. The acid dragon claws you.
You slice the acid dragon!!
You kill the acid dragon!
Trog accepts your kill.
Joseph shoots a sling bullet.
The sling bullet hits you!!
Your life force feels restored.
You have reached level 10!
Joseph shoots a sling bullet.
The sling bullet hits you!
* * * LOW HITPOINT WARNING * * *
You see here a +0 robe.
There is a large open door here.
There is a large open door here.
You are no longer corroded.
You start resting.
Joseph is nearby!
Joseph unwields a +5 sling.
Joseph wields a +0 quarterstaff.
Joseph hits you with a +0 quarterstaff!
* * * LOW HITPOINT WARNING * * *
You hit Joseph.
Joseph is lightly wounded.
You hit Joseph. Your headbutt misses Joseph.
Joseph is lightly wounded.
Joseph hits you but does no damage.
You closely miss Joseph.
Joseph is lightly wounded.
You slash Joseph!
Joseph is moderately wounded.
Joseph smiles happily.
Joseph hits you with a +0 quarterstaff!
* * * LOW HITPOINT WARNING * * *
A red film seems to cover your vision as you go berserk!
You feel yourself moving faster!
You feel mighty! Joseph hits you with a +0 quarterstaff!
* * * LOW HITPOINT WARNING * * *
You slice Joseph!! Your headbutt misses Joseph.
Joseph is severely wounded.
Joseph smiles happily.
Joseph hits you with a +0 quarterstaff!
You die...

#. #^ ###################
#####.## . #..........##.....#
#...#... .###..........##.....#
#...#### ..............##...).#
#...#
.......)......##.....#####...####
..............'@.....'...)...+...
...)...[......##@....#####...####
....############.....# #...#
....# #.....# #...# .####
#######.....# #...# .
#...........# #...# #...........#
##### ####..~~~≈≈~...#
......≈~≈≈≈~...# #....~≈≈≈~..#


You could see Joseph.

Vanquished Creatures
  Jeremiah (D:8)
  A steam dragon (D:8)
  An acid dragon (D:8)
  An ice beast (D:6)
  A sky beast (D:7)
  A black bear (D:5)
  A centaur (D:6)
  An ogre (D:5)
  2 phantoms
  2 kobold brigands
  5 bullfrogs
  2 scorpions
  9 water moccasin zombies (Ossuary)
  A burial acolyte (Ossuary)
  9 wights
  5 howler monkeys
  A bombardier beetle (D:3)
  3 jellies
  4 orc priests
  6 hounds
  2 iguanas
  6 orc wizards
  Natasha (thrice) (D:2)
  2 crocodile zombies (Ossuary)
  3 mummies
  8 gnolls
  5 adders
  A shadow imp (D:7)
  4 white imps
  2 ufetubi (D:6)
  An adder zombie (Ossuary)
  5 ribbon worms
  5 dart slugs
  21 orcs
  9 ball pythons
  6 bats
  3 endoplasms (D:1)
  6 giant cockroaches
  10 gnoll zombies (Ossuary)
  5 goblins
  3 hobgoblins
  3 quokkas
  2 frilled lizards
  5 jackal zombies (Ossuary)
  14 kobolds
  3 orc zombies (Ossuary)
  5 rats
199 creatures vanquished.

Notes
Turn   | Place    | Note
-------+----------+-------------------------------------------
     0 | D:1      | smashvw the Minotaur Berserker began the quest for the Orb.
     0 | D:1      | Reached XP level 1. HP: 19/19 MP: 0/0
    91 | D:1      | Reached skill level 4 in Axes
   141 | D:1      | Reached XP level 2. HP: 25/26 MP: 1/1
   853 | D:2      | Reached skill level 5 in Axes
   853 | D:2      | Reached XP level 3. HP: 28/31 MP: 2/2
   880 | D:2      | Found a faded altar of an unknown god.
   896 | D:2      | Reached skill level 6 in Axes
   896 | D:2      | Reached XP level 4. HP: 8/39 MP: 3/3
  1093 | D:2      | Noticed Natasha
  1098 | D:2      | Killed Natasha
  1151 | D:2      | Noticed Natasha
  1157 | D:2      | Killed Natasha
  1221 | D:2      | Found a stormy altar of Qazlal.
  1314 | D:2      | Noticed Natasha
  1323 | D:2      | Killed Natasha
  1323 | D:2      | Reached ** piety under Trog
  1324 | D:2      | Reached skill level 7 in Axes
  1324 | D:2      | Reached XP level 5. HP: 36/45 MP: 4/4
  2044 | D:3      | Found Zugoicue's Antique Weapon Boutique.
  2112 | D:3      | HP: 1/67 [orc/+0 hand axe (4)]
  2303 | D:3      | Reached skill level 8 in Axes
  2610 | D:3      | Reached XP level 6. HP: 40/51 MP: 5/5
  3292 | D:4      | Reached skill level 9 in Axes
  3297 | D:4      | Reached XP level 7. HP: 9/57 MP: 6/6
  3300 | D:4      | Reached skill level 10 in Axes
  3673 | D:4      | Reached *** piety under Trog
  4035 | D:4      | Found a staircase to the Ecumenical Temple.
  4106 | D:5      | Entered Level 5 of the Dungeon
  4122 | D:5      | Reached skill level 11 in Axes
  4472 | D:5      | Reached XP level 8. HP: 54/64 MP: 7/7
  4477 | D:5      | Reached skill level 12 in Axes
  4900 | D:6      | Found a sand-covered staircase.
  4908 | Ossuary  | Entered an ossuary
  5181 | Ossuary  | Reached **** piety under Trog
  5198 | Ossuary  | Reached skill level 13 in Axes
  5655 | D:6      | Reached skill level 14 in Axes
  5695 | D:6      | Reached XP level 9. HP: 29/70 MP: 8/8
  6066 | D:6      | Found a white marble altar of Elyvilon.
  6331 | D:6      | Found a snail-covered altar of Cheibriados.
  6332 | D:6      | Found a radiant altar of Vehumet.
  6333 | D:6      | Found a shimmering altar of Xom.
  6334 | D:6      | Found a burning altar of Makhleb.
  6353 | D:6      | Reached skill level 15 in Axes
  6465 | D:6      | Found a bloodstained altar of Trog.
  6636 | D:7      | Reached ***** piety under Trog
  7164 | D:7      | Found a shadowy altar of Dithmenos.
  7466 | D:8      | Noticed Jeremiah
  7470 | D:8      | Reached skill level 16 in Axes
  7485 | D:8      | Killed Jeremiah
  7838 | D:8      | Noticed Joseph
  7839 | D:8      | Received a gift from Trog
  7840 | D:8      | Reached skill level 17 in Axes
  7844 | D:8      | Reached XP level 10. HP: 32/77 MP: 9/9
  7869 | D:8      | HP: 1/115 [Joseph/+0 quarterstaff (11)]
  7870 | D:8      | Mangled by Joseph

Illustrated notes

Levels and vault maps discovered:
D:1:      dpeg_arrival_ternary, layout_loops_ring, hangedman_feature_mirror
D:2:      layout_basic, shapermc_ecumenical_altar_starsandcircs, basic_altar,
          serial_corexii_hall, chequers_hall_statues_wall_a,
          corexii_hall_statues_x, uniq_natasha
D:3:      layout_basic, serial_shops, nicolae_shop_overgrown_old_shop
D:4:      layout_basic, minmay_temple_entry_hall
D:5:      layout_rooms
D:6:      layout_cave_pools, kennysheep_mini, mainiacjoe_overflow_alcove_3,
          nicolae_elyvilon_peaceful_grove, gup_ossuary_entry_pyramid,
          minivault_19
D:7:      layout_rooms, grunt_dithmenos_shadows
D:8:      layout_basic, uniq_joseph, uniq_jeremiah

Skill      XL: |  1  2  3  4  5  6  7  8  9 |
---------------+----------------------------+-----
Axes           | 4 5 6 7 8 9 11 14 17 | 17.1
Fighting       | |  3.6
Armour         | |  2.4
Dodging        | |  2.1

Action                     |  1- 3 |  4- 6 |  7- 9 | 10-12 || total
---------------------------+-------+-------+-------+-------++-------
  Melee: Hand axe          |    60 |   112 |    65 |       ||   237
         Headbutt          |    10 |    22 |    56 |       ||    88
         War axe           |       |       |   218 |     5 ||   223
 Invoke: Berserk           |     1 |     2 |     1 |     1 ||     5
    Use: Potion            |       |       |     1 |       ||     1
 Armour: Animal skin       |    48 |    73 |    98 |       ||   219
         Scale mail        |       |       |    86 |     6 ||    92
  Dodge: Dodged            |    33 |    43 |   113 |       ||   189

Table legend: (Time is in decaauts)
 A = Elapsed time spent in this place.
 B = Non-inter-level travel time spent in this place.
 C = Inter-level travel time spent in this place.
 D = Time resting spent in this place.
 E = Time spent auto-exploring this place.
 F = Levels seen in this place.
 G = Mean time per level.
                   A        B        C        D        E       F      G
               +--------+--------+--------+--------+--------+-----+--------+
         Total |   7839 |   7616 |    223 |     52 |   6629 |   9 |  871.0 |
       Dungeon |   7123 |   6900 |    223 |     52 |   6001 |   8 |  890.4 |
       Ossuary |    716 |    716 |      0 |      0 |    628 |   1 |  716.0 |
               +--------+--------+--------+--------+--------+-----+--------+

Top non-repeatable levels by time:
     D:4: 1126 daAuts
     D:3: 1070 daAuts
     D:2: 1068 daAuts
     D:6: 996 daAuts
     D:1: 848 daAuts
     D:7: 836 daAuts
     D:5: 781 daAuts
 Ossuary: 716 daAuts
     D:8: 395 daAuts
